 Dungeon Crawl Stone Soup version 0.27.1 (webtiles) character file.

Game seed: 12032110374116549628

46566 Kinoniko the Brawler (level 14, 0/210 HPs)
             Began as a Troll Berserker on Aug 31, 2021.
             Was a High Priest of Trog.
             Succumbed to a black mamba's poison
             ... on level 5 of the Lair of Beasts.
             The game lasted 00:15:16 (13561 turns).

Kinoniko the Brawler (Troll Berserker)             Turns: 13561, Time: 00:15:17

Health: 0/210      AC: 13    Str: 28    XL:     14   Next: 5%
Magic:  13/13      EV: 13    Int:  6    God:    Trog [*****.]
Gold:   998        SH:  5    Dex: 10    Spells: 13/13 levels left

rFire    + . .     SeeInvis .     - Unarmed
rCold    . . .     Faith    .   (no shield)
rNeg     . . .     Spirit   .   F - +1 troll leather armour
rPois    .         Reflect  +   N - +1 hat
rElec    .         Harm     .   E - +0 cloak
rCorr    .         Rampage  .   (gloves unavailable)
Will     +++..                  (boots unavailable)
Stlth    ..........             m - amulet of reflection
HPRegen  2.45/turn              n - +4 ring of protection
MPRegen  0.13/turn              g - ring "Jugogh" {rF+ Will++}

@: berserking (expiring), lethally poisoned (0 -> 0), very quick
A: large, unfitting armour, claws 3, regeneration 1, shaggy fur 1, tough skin 1
a: Renounce Religion, Berserk, Trog's Hand, Brothers in Arms


You were on level 5 of the Lair of Beasts.
You worshipped Trog.
Trog was extremely pleased with you.
You visited 2 branches of the dungeon, and saw 18 of its levels.

You collected 998 gold pieces.

Inventory:

Missiles
 w - 5 throwing nets (quivered)
Armour
 E - a +0 cloak (worn)
 F - a +1 troll leather armour (worn)
 N - a +1 hat (worn)
Jewellery
 g - the ring "Jugogh" (right claw) {rF+ Will++}
   (You acquired it on level 1 of the Lair of Beasts)

   [ring of protection from fire]

   rF:        It protects you from fire.
   Will:      It greatly increases your willpower.
 m - an amulet of reflection (around neck)
 n - a +4 ring of protection (left claw)
 q - a ring of poison resistance
 v - a ring of magical power
 x - a ring of willpower
Wands
 c - a wand of digging (4)
 k - a wand of polymorph (12)
 r - a wand of iceblast (44)
 A - a wand of flame (85)
 B - a wand of paralysis (5)
 I - a wand of acid (9)
 K - a wand of mindburst (35)
Scrolls
 a - a scroll of identify
 b - 3 scrolls of enchant weapon
 l - a scroll of holy word
 o - 6 scrolls of fog
 p - 7 scrolls of teleportation
 y - 4 scrolls of magic mapping
 z - 2 scrolls of blinking
 C - a scroll of vulnerability {unknown}
 H - a scroll of fear
 L - a scroll of silence {unknown}
 O - a scroll of torment {unknown}
Potions
 d - 4 potions of flight
 e - 6 potions of might
 f - a potion of lignification {unknown}
 h - 2 potions of cancellation {unknown}
 i - 6 potions of haste
 j - 7 potions of curing
 s - 2 potions of brilliance {unknown}
 t - 3 potions of resistance {unknown}
 u - 3 potions of heal wounds
 D - 3 potions of mutation
 G - a potion of ambrosia {unknown}
 J - a potion of attraction {unknown}
 M - a potion of berserk rage {unknown}


   Skills:
 * Level 9.0 Fighting
 - Level 4.2 Armour
 + Level 11.7 Dodging
 * Level 16.5 Unarmed Combat


You had 13 spell levels left.
You didn't know any spells.
Your spell library was empty.

Dungeon Overview and Level Annotations

Branches:
Dungeon (12/15)            Temple (0/1) D:6            Lair (6/6) D:9
  Swamp (0/4) Lair:3        Snake (0/4) Lair:4        Slime (0/5) Lair:5
    Orc (0/2) D:12

Altars:
Cheibriados
Dithmenos
Elyvilon
Kikubaaqudgha
Nemelex Xobeh
Sif Muna
Vehumet
Wu Jian
Xom

Shops:
D:4 *   D:9 [   D:12 (

Annotations:
D:8 1 transporter, RichitheSlayer's ghost, novice HOBe
D:9 1 runed translucent door, AIAndy's ghost, journeyman DjAE
Lair:3 exclusion: oklob plant


Innate Abilities, Weirdness & Mutations

You are too large for most types of armour.
You have claws for hands.
Your natural rate of healing is unusually fast.
You are covered in fur. (AC +1)
You have tough skin. (AC +1)


Message History

You kill the black mamba!
Trog accepts your kill.
You feel very sick. The yak gores you!
* * * LOW HITPOINT WARNING * * *
Unknown command.
You barely miss the yak.
You feel very sick. The yak gores you!
* * * LOW HITPOINT WARNING * * *
You mangle the yak!! You claw the yak!
You kill the yak!
Trog accepts your kill.
You feel sick. The yak completely misses you. The yak gores you.
* * * LOW HITPOINT WARNING * * *
Unknown command.
You barely miss the yak. Your claw misses the yak.
You feel sick.
Unknown command.
You mangle the yak!! You claw the yak.
You feel the power of Trog in you as your rage grows.
You kill the yak!
Trog accepts your kill.
You feel sick. The yak gores you but does no damage. The yak gores you!
* * * LOW HITPOINT WARNING * * *
Unknown command.
You closely miss the yak.
You feel sick.
Unknown command.
You scratch the yak.
The yak is lightly wounded.
You feel sick. The yak gores you!
* * * LOW HITPOINT WARNING * * *
The yak closely misses you.
Unknown command.
You claw the yak!
The yak is moderately wounded.
You feel sick.
Unknown command.
You barely miss the yak.
The yak is moderately wounded.
You die...

........#)..#.....≈PP♣PPPP≈≈≈≈≈#.
.##P...............P≈≈♣♣P♣≈♣≈≈≈..
..#P..#...#P###.....P≈≈≈♣♣≈≈PP...
P....######## ###.P.PP≈♣♣♣♣P.....
#.....## ##P..≈≈♣≈≈≈PP....
##.....## ####....≈P≈≈≈PP≈....
##...##.######..#P....PP≈PP≈≈....
#.....#...#....†#Y....P.P.P≈.#.P.
#...?..........†@†>...##..≈P....P
##P.#...#.PP..###Y...............
#...######..####..........P.<...
#...# ######.................
#..†## #..P#.#............ ##...#
######.##....##.### #..###
#...#......## ##.# ##P....#...P#
##..# ##....##P###


You could see 2 yaks.

Vanquished Creatures
  Gastronok (Lair:3)
  Snorg (D:11)
  Harold (D:9)
  3 hydras
  Erica (D:8)
  A two-headed ogre (D:12)
  6 death yaks
  Pikel (D:9)
  An orc knight (D:11)
  4 black mambas
  An elephant (D:9)
  Maurice (D:9)
  A torpor snail (Lair:5)
  A gargoyle (D:12)
  7 rime drakes
  An unseen horror (D:11)
  Psyche (D:10)
  12 cane toads
  8 komodo dragons
  A hornet (D:9)
  A troll (D:10)
  2 tyrant leeches (Lair:3)
  A polar bear (Lair:2)
  17 blink frogs
  6 dream sheep (Lair:4)
  Sigmund (D:6)
  3 shadows
  6 basilisks
  4 wraiths
  A vampire (D:11)
  3 wyverns
  64 yaks
  2 steam dragons
  7 vampire mosquitoes (D:12)
  2 swamp worms (Lair:3)
  An acid dragon (D:9)
  6 nagas (Lair:4)
  13 water moccasins
  8 orc warriors
  An ice beast (D:7)
  A sky beast (D:5)
  3 black bears
  3 necrophages
  2 ogres
  3 centaurs
  5 wolves (Lair:2)
  A lemure (D:9)
  4 kobold brigands
  12 bullfrogs
  3 scorpions
  3 gnoll sergeants
  5 howler monkeys (D:9)
  6 wights
  3 electric eels
  A bullfrog zombie (D:5)
  4 centaur zombies
  3 hounds
  3 jellies
  2 gnoll shamans
  3 orc priests
  6 orc wizards
  Jessica (D:2)
  2 iguanas
  A killer bee zombie (D:8)
  24 gnolls
  3 adders
  A shadow imp (D:8)
  An ufetubus (D:6)
  2 adder skeletons (D:4)
  A worm (D:2)
  2 dart slugs
  27 orcs
  4 bats
  6 endoplasms
  2 giant cockroaches
  A goblin (D:1)
  3 hobgoblins
  A jackal (D:1)
  6 ball pythons
  4 frilled lizards
  23 kobolds
  3 rats
397 creatures vanquished.

Vanquished Creatures (others)
  A komodo dragon (Lair:5)
  2 orcs (D:12)
  A bush (Lair:6)
  13 fungi
  44 plants
61 creatures vanquished.

Grand Total: 458 creatures vanquished

Notes
Turn   | Place    | Note
-------+----------+-------------------------------------------
     0 | D:1      | Kinoniko the Troll Berserker began the quest for the Orb.
     0 | D:1      | Reached XP level 1. HP: 22/22 MP: 0/0
   330 | D:1      | Reached XP level 2. HP: 29/29 MP: 1/1
   774 | D:2      | Reached ** piety under Trog
   826 | D:2      | Noticed Jessica
   829 | D:2      | Killed Jessica
   830 | D:2      | Reached skill level 4 in Unarmed Combat
   830 | D:2      | Reached XP level 3. HP: 27/36 MP: 2/2
  1811 | D:4      | Reached XP level 4. HP: 44/44 MP: 3/3
  1912 | D:4      | Noticed a scorpion
  1917 | D:4      | Killed a scorpion
  1918 | D:4      | Reached skill level 5 in Unarmed Combat
  1918 | D:4      | Reached XP level 5. HP: 50/50 MP: 4/4
  2058 | D:4      | Found Rekh's Gadget Gallery.
  2173 | D:5      | Entered Level 5 of the Dungeon
  2231 | D:5      | Noticed a sky beast
  2237 | D:5      | Killed a sky beast
  2238 | D:5      | Reached skill level 6 in Unarmed Combat
  2238 | D:5      | Reached XP level 6. HP: 59/59 MP: 5/5
  2315 | D:5      | Noticed a water moccasin
  2323 | D:5      | Killed a water moccasin
  2324 | D:5      | Reached skill level 7 in Unarmed Combat
  2324 | D:5      | Reached XP level 7. HP: 38/66 MP: 6/6
  2468 | D:5      | Reached *** piety under Trog
  2560 | D:5      | Reached skill level 5 in Dodging
  2560 | D:5      | Reached skill level 8 in Unarmed Combat
  2745 | D:5      | Reached XP level 8. HP: 74/74 MP: 7/7
  2788 | D:6      | Noticed Sigmund
  2795 | D:6      | Killed Sigmund
  2894 | D:6      | Reached skill level 9 in Unarmed Combat
  3119 | D:6      | Found a staircase to the Ecumenical Temple.
  3637 | D:7      | Reached skill level 10 in Unarmed Combat
  3644 | D:7      | Reached XP level 9. HP: 74/80 MP: 8/8
  3721 | D:7      | Reached **** piety under Trog
  3727 | D:7      | Reached skill level 11 in Unarmed Combat
  4337 | D:8      | Noticed Erica
  4339 | D:8      | Paralysed by Erica for 5 turns
  4357 | D:8      | Killed Erica
  4358 | D:8      | Reached skill level 12 in Unarmed Combat
  4358 | D:8      | Reached XP level 10. HP: 25/88 MP: 9/9
  4426 | D:8      | Found a white marble altar of Elyvilon.
  4526 | D:8      | Found a transporter.
  4526 | D:8      | Noticed RichitheSlayer's ghost (novice HOBe)
  4833 | D:8      | Found a radiant altar of Vehumet.
  4935 | D:9      | Noticed an elephant
  4947 | D:9      | Noticed Harold
  4951 | D:9      | Killed an elephant
  4963 | D:9      | Killed Harold
  4964 | D:9      | Reached skill level 13 in Unarmed Combat
  5027 | D:9      | Found a staircase to the Lair.
  5054 | D:9      | Reached ***** piety under Trog
  5134 | D:9      | Found a runed translucent door.
  5138 | D:9      | Noticed AIAndy's ghost (journeyman DjAE)
  5178 | D:9      | Found Veent's Antique Armour Emporium.
  5255 | D:9      | Noticed Pikel
  5264 | D:9      | Killed Pikel
  5265 | D:9      | Reached XP level 11. HP: 94/94 MP: 10/10
  5275 | D:9      | Noticed Maurice
  5288 | D:9      | Killed Maurice
  5773 | D:10     | Entered Level 10 of the Dungeon
  5784 | D:10     | Found a shadowy altar of Dithmenos.
  5785 | D:10     | Found a sparkling altar of Nemelex Xobeh.
  5785 | D:10     | Found an ornate altar of the Wu Jian Council.
  5787 | D:10     | Found an ancient bone altar of Kikubaaqudgha.
  5788 | D:10     | Found a snail-covered altar of Cheibriados.
  5789 | D:10     | Found a shimmering blue altar of Sif Muna.
  5811 | D:10     | Reached skill level 14 in Unarmed Combat
  6130 | D:10     | Noticed Psyche
  6145 | D:10     | Killed Psyche
  6432 | D:11     | Noticed Snorg
  6438 | D:11     | Killed Snorg
  6439 | D:11     | Reached skill level 1 in Armour
  6647 | D:11     | Noticed an orc knight
  6662 | D:11     | Killed an orc knight
  7490 | D:12     | Found Vawuclo's Antique Weapon Shoppe.
  7751 | D:12     | Received a gift from Trog
  7752 | D:12     | Reached skill level 15 in Unarmed Combat
  7810 | D:12     | Noticed a two-headed ogre
  7816 | D:12     | Killed a two-headed ogre
  7817 | D:12     | Reached XP level 12. HP: 75/107 MP: 11/11
  8276 | D:12     | Found a staircase to the Orcish Mines.
  8404 | Lair:1   | Entered Level 1 of the Lair of Beasts
  8506 | Lair:1   | HP: 8/163 [blink frog (5)]
  8509 | Lair:1   | Reached skill level 10 in Dodging
  8762 | Lair:1   | Identified a scroll of acquirement
  8763 | Lair:1   | Acquired the ring "Jugogh" {rF+ Will++}
  8795 | Lair:1   | Reached skill level 5 in Fighting
 10067 | Lair:3   | Noticed a death yak
 10067 | Lair:3   | Noticed a death yak
 10067 | Lair:3   | Noticed a death yak
 10068 | Lair:3   | Noticed a death yak
 10077 | Lair:2   | Killed a death yak
 10087 | Lair:3   | Noticed a death yak
 10087 | Lair:3   | Noticed a death yak
 10094 | Lair:2   | Killed a death yak
 10097 | Lair:2   | Killed a death yak
 10127 | Lair:2   | Killed a death yak
 10130 | Lair:2   | Killed a death yak
 10163 | Lair:3   | Killed a death yak
 10210 | Lair:3   | Noticed a five-headed hydra
 10218 | Lair:3   | Killed a nine-headed hydra
 10219 | Lair:3   | Reached XP level 13. HP: 122/122 MP: 12/12
 10396 | Lair:3   | Found a staircase to the Swamp.
 10489 | Lair:3   | Noticed Gastronok
 10499 | Lair:3   | Killed Gastronok
 11479 | Lair:4   | Found a staircase to the Snake Pit.
 11557 | Lair:4   | Found a shimmering altar of Xom.
 11918 | Lair:4   | Received a gift from Trog
 12288 | Lair:5   | Reached skill level 16 in Unarmed Combat
 12496 | Lair:5   | Found a staircase to the Slime Pits.
 13311 | Lair:6   | Entered Level 6 of the Lair of Beasts
 13511 | Lair:6   | Reached XP level 14. HP: 134/137 MP: 13/13
 13559 | Lair:5   | HP: 1/210 [yak (11)]
 13561 | Lair:5   | Succumbed to a black mamba's poison

Illustrated notes

Levels and vault maps discovered:
D:1:      scummos_arrival_checkerplants, layout_loops_ring, st_stairs_3
D:2:      layout_loops_cross, uniq_jessica
D:3:      layout_basic
D:4:      layout_rooms, nicolae_shop_gadgets
D:5:      layout_basic
D:6:      layout_cave_pools, minmay_temple_entry_junction, nrook_pool_corridor,
          uniq_sigmund
D:7:      layout_basic
D:8:      layout_loops_ring, elyvilon_altar_1, nicolae_overflow_hidden_temple,
          gammafunk_ghost_smash, uniq_erica
D:9:      layout_loops_ring, david_lair_generic, ebering_ghost_reflecting_pool,
          serial_shops, nicolae_shop_crystal, minivault_1, uniq_pikel,
          uniq_maurice, uniq_harold
D:10:     layout_roguey, grunt_temple_overflow_open, uniq_psyche
D:11:     layout_stronghold, uniq_snorg
D:12:     layout_roguey, erik_orc_2, serial_shops, nicolae_stop_n_shop_2
Lair:1:   layout_hall_layers
Lair:2:   layout_loops_ring, lemuel_fruit_fields, infiniplex_staircase_pool_2
Lair:3:   layout_small_grid, minmay_swamp_entry_worms, st_stairs_5,
          grunt_megastairs_4, minmay_lair_oklob_chamber, uniq_gastronok
Lair:4:   layout_concentric_octagons, minmay_snake_entry_guardpost_large,
          basic_altar
Lair:5:   layout_loops_ring, nicolae_slime_entry_slimehenge, serial_bayou,
          serial_bayou_pond_a, serial_bayou_crossing, serial_bayou_lagoon_a,
          serial_bayou_pond_c, serial_bayou_shore_a
Lair:6:   grunt_lair_end_beastmaster, layout_big_grid, grunt_megastairs_1

Skill      XL: |  1  2  3  4  5  6  7  8  9 10 11 12 13 14 |
---------------+-------------------------------------------+-----
Unarmed Combat | 4 5 6 7 8 10 12 13 15 16 | 16.5
Dodging        | 3 4 5 6 7 8 9 10 11 | 11.7
Armour         | 3 4 |  4.2
Fighting       | 4 6 8 9 |  9.0

Action                   |  1- 3 |  4- 6 |  7- 9 | 10-12 | 13-15 || total
-------------------------+-------+-------+-------+-------+-------++-------
Melee: Unarmed           |    77 |    70 |   204 |   589 |   324 ||  1264
       Punch             |       |     1 |    11 |    40 |    30 ||    82
Invok: Berserk           |     1 |     1 |     6 |    11 |    10 ||    29
       Trog's Hand       |       |       |       |     1 |       ||     1
       Brothers in Arms  |       |       |       |     1 |       ||     1
  Use: Scroll            |       |       |    12 |     7 |     3 ||    22
 Stab: Sleeping          |       |       |       |     1 |       ||     1
Armor: Animal skin       |    43 |    18 |    67 |       |       ||   128
       Robe              |       |       |       |    51 |       ||    51
       Troll leather arm |       |       |       |   127 |    86 ||   213
Dodge: Dodged            |    58 |    22 |    91 |   265 |   138 ||   574
Block: Other             |     2 |    10 |    51 |   107 |    45 ||   215
       Reflection        |       |       |     1 |     5 |     1 ||     7
